AoeStats
← Zuvela

Scandinavia

510734847Analyzed
1v1 RM · 15h ago on Oct 2, 2026· 22m 11s· 2 players
Game mode
Random Map
Map size
Tiny (2 player)
Population
200
Speed
Normal
Resources
Standard
Victory
Conquest
Starting age
Dark Age
Ending age
Imperial Age
RankedLock teamsTeams togetherTeam positionsShared explorationLock speedFull tech treeHidden civsTurbo modeCheats
Victory
Defeat
🇦🇺 Mongols · Australia
1111
+17
🇩🇪 Berbers · Germany
1122
-17
Zuvela
10:32 Feudal Age
8:48 Loom
10:39 Man-at-Arms
11:06 Double-Bit Axe
11:10 Loom
15:40 Castle Age
14:38 Horse Collar
16:00 Bloodlines
msdev137
9:46 Loom
14:14 Feudal Age
17:58 Double-Bit Axe
19:07 Fletching
Connection lost

Rejoining the realm…

Still unreachable

The connection could not be restored.

Session expired

The server has moved on; the page needs a fresh start.